 Dungeon Crawl Stone Soup version 0.30-a0-576-g89cddaab80 (webtiles) character file.

Game seed: 15597407276191984806

645 Iich the Sneak (level 7, 0/72 HPs)
             Began as a Human Wanderer on Dec 30, 2022.
             Succumbed to an orc's poison
             ... on level 5 of the Dungeon.
             The game lasted 00:10:29 (4128 turns).

Iich the Sneak (Human Wanderer)                     Turns: 4128, Time: 00:10:29

Health: 0/72       AC: 16    Str: 11    XL:     7   Next: 82%
Magic:  8/8        EV: 11    Int: 11    God:
Gold:   286        SH:  0    Dex: 17    Spells: 7/8 levels left

rFire   . . .      SeeInvis .    a - +2 short sword (flame)
rCold   + . .      Faith    .    (no shield)
rNeg    . . .      Spirit   .    r - +2 leather armour {rC+}
rPois   .          Reflect  .    (no helmet)
rElec   .          Harm     .    (no cloak)
rCorr   .          Rampage  .    g - +2 pair of gloves
Will    .....                    (no boots) Stlth
                                 (no amulet)
HPRegen 0.32/turn                w - +4 ring of protection
MPRegen 0.11/turn                p - +4 ring of protection

@: berserking, lethally poisoned (0 -> -18), very quick
A: no striking features
a: no special abilities


You were on level 5 of the Dungeon.
You visited 1 branch of the dungeon, and saw 6 of its levels.

You collected 286 gold pieces.

Inventory:

Hand Weapons
 a - a +2 short sword of flaming (weapon)
Missiles
 n - 6 poisoned darts
 y - a throwing net
Armour
 b - a +0 buckler
 d - a +0 leather armour
 g - a +2 pair of gloves (worn)
 r - a +2 leather armour of cold resistance (worn)
Jewellery
 m - a +6 ring of strength
 p - a +4 ring of protection (right hand)
 v - a ring of resist corrosion
 w - a +4 ring of protection (left hand)
Scrolls
 e - 4 scrolls of immolation
 h - a scroll of magic mapping
 i - a scroll of poison {unknown}
 k - 2 scrolls of vulnerability
 l - 6 scrolls of teleportation
 q - a scroll of fog {unknown}
 t - a scroll of fear {unknown}
 u - 2 scrolls of enchant armour
 x - a scroll of torment {unknown}
Potions
 f - a potion of might {unknown}
 j - 2 potions of attraction
 o - a potion of invisibility {unknown}
 s - a potion of flight


   Skills:
 - Level 1.1 Fighting
 + Level 5.4 Short Blades
 - Level 1.0 Armour
 - Level 0.3 Dodging
 * Level 7.0 Stealth
 - Level 2.0 Shields
 - Level 1.0 Spellcasting
 - Level 1.0 Translocations


You had 7 spell levels left.
You knew the following spells:

 Your Spells              Type           Power      Damage    Failure   Level
a - Apportation           Tloc           4%         N/A       28%         1

Your spell library contained the following spells:

 Spells                   Type           Power      Damage    Failure   Level
 Slow                     Hex            0%         N/A       38%         1
 Portal Projectile        Hex/Tloc       2%         N/A       71%         3
 Kindle Blastsparks       Fire/Tloc/Air  2%         2d10      73%         3
 Confusing Touch          Hex            0%         N/A       77%         3
 Tukima's Dance           Hex            0%         N/A       77%         3
 Vampiric Draining        Necr           0%         2d6       77%         3
 Passage of Golubria      Tloc           2%         N/A       95%         4
 Iskenderun's Mystic Bla  Conj/Tloc      1%         2d3       98%         4
 Fulminant Prism          Conj/Hex       0%         3d5       99%         4
 Lee's Rapid Deconstruct  Erth           0%         3d4*      100%        5
 Yara's Violent Unravell  Hex/Tmut       0%         3d3       100%        5


Dungeon Overview and Level Annotations

Branches:
Dungeon (6/15)
 Temple: D:4-7

Altars:
Makhleb
Nemelex Xobeh
Okawaru
Qazlal
Ru
Sif Muna
The Shining One


Message History

The orc hits you with a +2 dagger of venom.
You are more poisoned.
The orc priest closely misses you. The orc hits you with a +0 dagger.
You hit the orc priest. You burn the orc priest.
The orc priest is heavily wounded.
You feel sick.
A red film seems to cover your vision as you go berserk!
You feel yourself moving faster!
You feel mighty!
You feel very sick. The orc hits you but does no damage.
The orc priest hits you with a +0 whip. The orc hits you but does no damage.
You are more poisoned.
The orc hits you but does no damage.
You hit the orc priest but do no damage.
The orc priest is heavily wounded.
You feel very sick. The orc hits you but does no damage. x2
You are more poisoned.
The orc priest invokes the aid of Beogh against you.
Beogh smites you!
* * * LOW HITPOINT WARNING * * *
The orc barely misses you.
You puncture the orc priest! You burn the orc priest.
You kill the orc priest!
* * * LOW HITPOINT WARNING * * *
You feel very sick.
Your Stealth skill increases to level 7!
You barely miss the orc.
* * * LOW HITPOINT WARNING * * *
You feel sick.
The orc hits you with a +2 dagger of venom.
* * * LOW HITPOINT WARNING * * *
The orc hits you but does no damage.
You puncture the orc! You burn the orc.
You kill the orc!
* * * LOW HITPOINT WARNING * * *
You feel sick.
You puncture the orc! You burn the orc.
You kill the orc!
You die...

############## .> .......<.....#
.. ############.# ##.# #.#
##...#### ######## #.# ...$..#..
... .....##.# #....#.##.#
#........ #..#.o)...# #.#..##.#
#...o.@...# #..##.# ##
#..###)##.### # #...... #..
#..###.##...###.#.....# #.#
#...............#.....# #.###
#.###..####.###........ #... ...
#..# #.###.#†....# #..# #### #..#
##....##......
##..###########..###...##.###.#.#
..........................†#.##.#


You could see 2 orcs.

Vanquished Creatures
  A black bear (D:5)
  A phantom (D:4)
  A scorpion (D:6)
  2 necrophages
  An orc priest (D:5)
  2 hounds
  An orc wizard (D:3)
  4 gnolls
  4 adders
  A shadow imp (D:5)
  A white imp (D:5)
  A worm (D:3)
  2 dart slugs
  8 orcs
  6 endoplasms
  2 giant cockroaches
  5 goblins
  8 hobgoblins
  4 jackals
  5 kobolds
  A quokka (D:6)
  8 ball pythons
  6 bats
  6 frilled lizards
  4 rats (D:3)
85 creatures vanquished.

Vanquished Creatures (others)
  7 toadstools (D:5)
7 creatures vanquished.

Grand Total: 92 creatures vanquished

Notes
Turn   | Place    | Note
-------+----------+-------------------------------------------
     0 | D:1      | Iich the Human Wanderer began the quest for the Orb.
     0 | D:1      | Iich set off with the following items: a +2 short sword, a
                  | +0 buckler, a potion of berserk rage, a +0 leather armour;
                  | and the following spell memorised: Apportation; and the
                  | following spells available to memorise: Portal Projectile.
     0 | D:1      | Reached XP level 1. HP: 15/15 MP: 2/2
   262 | D:1      | Reached XP level 2. HP: 21/21 MP: 3/3
   735 | D:2      | Reached skill level 2 in Stealth
   735 | D:2      | Reached XP level 3. HP: 26/26 MP: 4/4
   802 | D:2      | Found a faded altar of an unknown god.
  1286 | D:3      | Found a stormy altar of Qazlal.
  1286 | D:3      | Found an iron altar of Okawaru.
  1286 | D:3      | Found a shimmering blue altar of Sif Muna.
  1286 | D:3      | Found a sparkling altar of Nemelex Xobeh.
  1361 | D:3      | Reached XP level 4. HP: 20/32 MP: 5/5
  1437 | D:3      | Reached skill level 3 in Stealth
  1492 | D:3      | Found a glowing golden altar of the Shining One.
  1755 | D:3      | Reached XP level 5. HP: 30/37 MP: 6/6
  2019 | D:4      | Reached skill level 4 in Stealth
  2264 | D:3      | Reached skill level 5 in Stealth
  2264 | D:3      | Reached XP level 6. HP: 15/43 MP: 7/7
  3109 | D:4      | Reached XP level 7. HP: 48/48 MP: 8/8
  3139 | D:4      | Found a sacrificial altar of Ru.
  3505 | D:5      | Entered Level 5 of the Dungeon
  3571 | D:5      | Reached skill level 6 in Stealth
  3770 | D:6      | Reached skill level 5 in Short Blades
  3770 | D:6      | Found a burning altar of Makhleb.
  4126 | D:5      | Reached skill level 7 in Stealth
  4127 | D:5      | HP: 3/72 [poisoned by an orc]
  4128 | D:5      | Succumbed to an orc's poison

Illustrated notes

Levels and vault maps discovered:
D:1:      dpeg_arrival_rhombi, layout_basic
D:2:      layout_basic, shapermc_ecumenical_altar_mp_vishouse
D:3:      layout_basic, mainiacjoe_overflow_alcove_2,
          chequers_temple_overflow_statue_of_worship
D:4:      layout_basic, nicolae_ru_path_of_blood, minmay_misc_feat_encased,
          kennysheep_generic_room_3
D:5:      cheibrodos_fertilizer, layout_loops_ring, uniq_sigmund, uniq_pikel,
          uniq_duvessa
D:6:      minmay_inner_zag, layout_basic,
          mainiacjoe_overflow_concentric_impassable,
          minmay_temple_entry_statues_pillars

Skill      XL: |  1  2  3  4  5  6  7 |
---------------+----------------------+-----
Stealth        | 2 3 5 7 |  7.0
Short Blades   | 4 5 |  5.4
Fighting       | |  1.1
Armour         | |  1.0
Dodging        | |  0.3
Shields        | |  2.0
Spellcasting   | |  1.0
Translocations | |  1.0

Action                   |  1- 3 |  4- 6 |  7- 9 || total
-------------------------+-------+-------+-------++-------
Melee: Short sword       |    73 |   162 |    87 ||   322
       Punch             |     1 |     1 |     3 ||     5
  Use: Scroll            |     6 |     3 |     1 ||    10
       Potion            |     1 |       |     2 ||     3
 Stab: Sleeping          |     5 |     5 |     1 ||    11
       Distracted        |     1 |       |       ||     1
Armor: Leather armour    |    13 |    74 |    68 ||   155
Dodge: Dodged            |    27 |   100 |    45 ||   172

Table legend: (Time is in decaauts)
 A = Elapsed time spent in this place.
 B = Non-inter-level travel time spent in this place.
 C = Inter-level travel time spent in this place.
 D = Time resting spent in this place.
 E = Time spent auto-exploring this place.
 F = Levels seen in this place.
 G = Mean time per level.
                   A        B        C        D        E       F      G
               +--------+--------+--------+--------+--------+-----+--------+
         Total |   4059 |   3953 |    106 |    806 |   2176 |   6 |  676.5 |
       Dungeon |   4059 |   3953 |    106 |    806 |   2176 |   6 |  676.5 |
               +--------+--------+--------+--------+--------+-----+--------+

Top non-repeatable levels by time:
     D:4: 1163 daAuts
     D:3: 1020 daAuts
     D:2: 686 daAuts
     D:1: 590 daAuts
     D:6: 391 daAuts
     D:5: 208 daAuts
